 Dungeon Crawl Stone Soup version 0.19.1 (webtiles) character file.

3 M4edhros the Grave Robber (level 1, 0/11 HPs)
             Began as an Octopode Necromancer on Dec 14, 2016.
             Slain by a bat (1 damage)
             ... on level 1 of the Dungeon.
             The game lasted 00:00:16 (65 turns).

M4edhros the Grave Robber (Octopode Necromancer)      Turns: 65, Time: 00:00:17

Health: 0/11       AC:  1    Str:  7    XL:     1   Next: 50%
Magic:  1/3        EV: 13    Int: 17    God:
Gold:   12         SH:  0    Dex: 12    Spells: 1 memorised, 3 levels left

rFire  . . .     SeeInvis .       - Unarmed
rCold  . . .     Gourm    .     (no shield)
rNeg   . . .     Faith    .     (helmet restricted)
rPois  .         Spirit   .     (no amulet)
rElec  .         Reflect  .     (no ring)
rCorr  .         Harm     .     (no ring)
MR     .....                    (no ring)
Stlth  +++.......               (no ring)
                                (no ring)
                                (no ring)
                                (no ring)
                                (no ring)

@: no status effects
A: almost no armour, stealthy swim, amphibious, 8 rings, constrict 8, camouflage
1, gelatinous body 1
a: no special abilities


You were on level 1 of the Dungeon.
You were not hungry.

You visited 1 branch of the dungeon, and saw 1 of its levels.

You collected 12 gold pieces.

Inventory:

Books
 a - a book of Necromancy

   Spells                             Type                      Level
   a - Pain                           Necromancy                   1
   b - Animate Skeleton               Necromancy                   1
   c - Vampiric Draining              Necromancy                   3
   d - Regeneration                   Charms/Necromancy            3
   e - Animate Dead                   Necromancy                   4
   f - Control Undead                 Necromancy                   4
Comestibles
 b - a bread ration


   Skills:
 - Level 2.0 Dodging
 - Level 2.6 Stealth
 + Level 1.0 Unarmed Combat
 - Level 2.0 Spellcasting
 - Level 4.0 Necromancy


You had 3 spell levels left.
You knew the following spells:

 Your Spells              Type           Power        Failure   Level  Hunger
a - Pain                  Necr           ###.         3%          1    #......


Dungeon Overview and Level Annotations

Branches:
Dungeon (1/15)

Altars:


Innate Abilities, Weirdness & Mutations

You cannot wear most types of armour.
You are very stealthy in the water. (Stealth+)
You are amphibious.
You can wear up to eight rings at the same time.
You can use your tentacles to constrict eight enemies at once.
Your skin changes colour to match your surroundings (Stealth+).
Your rubbery body absorbs attacks. (AC +1, EV +1)


Message History

You open the door.
There is an open door here.
A frilled lizard and a kobold come into view.
A kobold comes into view. It is wielding a short sword.
The kobold shouts!
Found 2 scrolls labeled CECONOIPSASOA and a black potion.
A frilled lizard, a bat and 2 rats come into view.
The kobold throws a stone.
The stone misses you.
Found a stone staircase leading down.
You see here a stone.
The frilled lizard hisses angrily.
The bat closely misses you. The bat barely misses you.
The kobold throws a stone.
The stone hits you.
* * * LOW HITPOINT WARNING * * *
The bat hits you.
* * * LOW HITPOINT WARNING * * *
You see here 2 stones.
The kobold shouts!
The bat hits you.
You die...

..... .... ### ...#
#######.. ..# #.......
†.# #....... # #.#
#....... .## #.#
###...... #..##..
#.####.....#####.......
#..).'.....'.@b........
#.####.....####KK....>.
#.# #.....# ##.......
###'####.....# l.l.?..
#m#.#h##........ .r.r!..
###.#########............
#M#.#K# ....#.......
###.### ....##..##..
#N#.#a# .....


You could see a bat, 2 kobolds, a frilled lizard (wandering) and a rat.

Vanquished Creatures
  A giant cockroach (D:1)
  A goblin (D:1)
  A bat (D:1)
3 creatures vanquished.

Notes
Turn   | Place    | Note
-------+----------+-------------------------------------------
     0 | D:1      | M4edhros the Octopode Necromancer began the quest for the Orb.
     0 | D:1      | Reached XP level 1. HP: 11/11 MP: 3/3
     2 | D:1      | Noticed a minotaur
     2 | D:1      | Noticed a draconian
     4 | D:1      | Noticed a troll
     4 | D:1      | Noticed a centaur
     6 | D:1      | Noticed a ghoul
     8 | D:1      | Noticed a tengu
    10 | D:1      | Noticed an elf
    10 | D:1      | Noticed an octopode
    12 | D:1      | Noticed an ogre
    12 | D:1      | Noticed a human
    14 | D:1      | Noticed a gargoyle
    14 | D:1      | Noticed a dwarf
    16 | D:1      | Noticed a vine stalker
    16 | D:1      | Noticed a demonspawn
    19 | D:1      | Noticed a spriggan
    19 | D:1      | Noticed a demigod
    21 | D:1      | Noticed a halfling
    21 | D:1      | Noticed a vampire
    23 | D:1      | Noticed a naga
    23 | D:1      | Noticed a formicid
    27 | D:1      | Noticed a merfolk
    27 | D:1      | Noticed a felid
    55 | D:1      | Reached skill level 1 in Unarmed Combat
    65 | D:1      | Slain by a bat

Skill      XL: |  1 |
---------------+----+-----
Unarmed Combat | 1 |  1.0
Dodging        | |  2.0
Stealth        | |  2.6
Spellcasting   | |  2.0
Necromancy     | |  4.0

Action                   || total
-------------------------++-------
Melee: Unarmed           ||     1
       Constrict         ||     1
       Tentacles         ||     1
 Cast: Pain              ||     4
Dodge: Dodged            ||     4
